 Dungeon Crawl Stone Soup version 0.16.1-16-gc44b35d (webtiles) character file.

322 Woebin the Sneak (level 6, 0/46 HPs)
             Began as a Demonspawn Wanderer on Apr 17, 2015.
             Succumbed to a scorpion's poison
             ... on level 4 of the Dungeon.
             The game lasted 00:13:33 (3457 turns).

Woebin the Sneak (Demonspawn Wanderer)              Turns: 3457, Time: 00:13:33

Health: 0/46       AC:  7    Str: 14    XL:     6   Next: 22%
Magic:  7/7        EV:  9    Int: 11    God:
Gold:   220        SH:  7    Dex: 14    Spells: 0 memorised, 5 levels left

rFire  . . .     SeeInvis .     a - +2 short sword
rCold  . . .     Clarity  .     r - +0 leather armour
rNeg   . . .     SustAb   +     A - +0 shield
rPois  .         Gourm    .     (no helmet)
rElec  .         Spirit   .     (no cloak)
rCorr  .         Warding  .     (no gloves)
rMut   .         Stasis   .     (no boots)
MR     .....                    (no amulet)
Stlth  ++........               (no ring)
                                w - ring of sustain abilities (curse)

@: lethally poisoned (0 -> -13), not resistant to hostile enchantments,
unstealthy
A: claws 1, rough black scales 1
a: no special abilities


You were on level 4 of the Dungeon.
You were not hungry.

You visited 1 branch of the dungeon, and saw 4 of its levels.

You collected 220 gold pieces.

Inventory:

Hand weapons
 a - a +2 short sword (weapon)
 b - a +0 hand crossbow
 x - a +0 falchion
Missiles
 e - 49 bolts
 l - 5 tomahawks (quivered)
Armour
 d - a +0 robe
 h - a +0 scale mail
 r - a +0 leather armour (worn)
 A - a +0 shield (worn)
Jewellery
 w - a cursed ring of sustain abilities (left claw)
Magical devices
 y - a wand of lightning (6)
Scrolls
 i - 3 scrolls of identify {unknown}
 m - a scroll of enchant weapon {unknown}
 n - a scroll of random uselessness {unknown}
 o - 2 scrolls of magic mapping {unknown}
 p - 4 scrolls of remove curse {unknown}
 t - a scroll of teleportation {unknown}
Potions
 k - a potion of haste {unknown}
 s - a potion of poison {unknown}
 v - a potion of curing
 z - 2 potions of berserk rage {unknown}
 B - 2 potions of might {unknown}
 C - a potion of magic {unknown}
Comestibles
 f - 2 bread rations
 g - 5 fruits
 j - 4 meat rations
 u - 2 slices of pizza


   Skills:
 + Level 2.8 Fighting
 + Level 2.8 Short Blades
   Level 1.0 Bows
 + Level 1.7 Crossbows
 - Level 2.8 Armour
 + Level 2.4 Dodging
 * Level 3.1 Stealth
 + Level 1.3 Shields
 + Level 1.0 Evocations


You had 5 spell levels left.
You didn't know any spells.

Dungeon Overview and Level Annotations

Branches:
Dungeon (4/15)
 Temple: D:4-7

Altars:
Fedhas
Kikubaaqudgha
Ru
Trog


Innate Abilities, Weirdness & Mutations

You have sharp fingernails.
You are partially covered in rough black scales (AC +4, Dex -1).


Message History

You hit the scorpion but do no damage.
The scorpion is severely wounded.
You feel less woody.
Your +0 leather armour unmelds from your body.
You feel sick. The scorpion misses you.
You hit the scorpion.
The scorpion is almost dead.
The scorpion barely misses you.
You closely miss the scorpion.
The scorpion is almost dead.
The scorpion stings you but does no damage.
You hit the scorpion.
The scorpion is almost dead.
The scorpion stings you!
* * * LOW HITPOINT WARNING * * *
You are more poisoned.
The scorpion poisons you!
You closely miss the scorpion.
The scorpion is almost dead.
You die...

##### #...#
#.#@# #.##s#
...## ##.# ...
.....# #..#
###.. ......#
#.## #.#
.......# #.#
.......# #.##
.......######..#
..............##


You could see a scorpion.

Vanquished Creatures
  2 scorpions (D:4)
  A giant frog skeleton (D:4)
  A worker ant (D:4)
  Ijyb (D:3)
  3 adders
  A gnoll (D:1)
  3 worms (D:2)
  2 adder zombies (D:2)
  An adder skeleton (D:2)
  4 giant geckos
  An ooze (D:3)
  4 orcs
  A bat skeleton (D:4)
  2 bat zombies (D:2)
  6 hobgoblins
  3 kobolds
  13 bats
  7 giant cockroaches
  7 giant newts
  6 goblins
  A jackal (D:3)
  A quokka skeleton (D:4)
  19 rats
90 creatures vanquished.

Notes
Turn   | Place    | Note
--------------------------------------------------------------
     0 | D:1      | Woebin, the Demonspawn Wanderer, began the quest for the Orb.
     0 | D:1      | Woebin set off with: a +2 short sword, a +0 hand crossbow, a potion of lignification, a +0 robe, 29 bolts, a bread ration
     0 | D:1      | Reached XP level 1. HP: 15/15 MP: 1/1
   159 | D:1      | Gained mutation: You have sharp fingernails. [demonic ancestry]
   159 | D:1      | Reached XP level 2. HP: 15/21 MP: 2/2
   644 | D:1      | Gained mutation: You are partially covered in rough black scales (AC +4, Dex -1). [demonic ancestry]
   644 | D:1      | Reached XP level 3. HP: 14/26 MP: 3/3
  1216 | D:2      | Reached skill level 1 in Dodging
  1349 | D:2      | Reached XP level 4. HP: 27/32 MP: 4/4
  1601 | D:2      | Found an ancient bone altar of Kikubaaqudgha.
  1606 | D:2      | Reached skill level 1 in Crossbows
  1786 | D:2      | Found a blossoming altar of Fedhas.
  1859 | D:2      | Found a bloodstained altar of Trog.
  2199 | D:3      | Found a sacrificial altar of Ru.
  2603 | D:3      | Noticed Ijyb
  2634 | D:3      | Killed Ijyb
  2634 | D:3      | Reached XP level 5. HP: 37/39 MP: 5/5
  3416 | D:4      | Reached skill level 3 in Stealth
  3416 | D:4      | Reached XP level 6. HP: 31/46 MP: 7/7
  3456 | D:4      | HP: 2/46 [scorpion (7)]
  3457 | D:4      | Succumbed to a scorpion's poison

Action                   |  1- 3 |  4- 6 || total
-------------------------+-------+-------++-------
Melee: Short sword       |   118 |   190 ||   308
 Fire: Hand crossbow     |    20 |    27 ||    47
Throw: Tomahawk          |     5 |    10 ||    15
  Use: Potion            |       |     3 ||     3
 Stab: Sleeping          |     3 |     2 ||     5
  Eat: Chunk             |     1 |     7 ||     8
